[ PARTIDA AOE2 · #484467176 ]
UnrankedBúlgaros vs Japanese
[ ANÁLISIS DE REPETICIÓN · EXTRAÍDO DE LA PARTIDA GRABADA ]
Feudal
11:11
Castillos
26:42
Imperial
—
| APM promedio | 29.3 |
| APM pico | 64 |
| eAPM promedio | 13.2 |
| Aldeanos / militares | 59 / 60 |
Foco
⚔️ 23.6% · 🌾 76.4%
Skirmisher ×35 · Militia ×15 · Archer ×10
Feudal
9:59
Castillos
—
Imperial
—
| APM promedio | 61.3 |
| APM pico | 117 |
| eAPM promedio | 20.5 |
| Aldeanos / militares | 32 / 25 |
Foco
⚔️ 28.9% · 🌾 71.1%
Militia ×18 · Skirmisher ×7
Feudal
15:04
Castillos
—
Imperial
—
| APM promedio | 33.8 |
| APM pico | 66 |
| eAPM promedio | 15.4 |
| Aldeanos / militares | 50 / 18 |
Foco
⚔️ 10.9% · 🌾 89.1%
Militia ×18
Feudal
22:24
Castillos
27:42
Imperial
—
| APM promedio | 37.9 |
| APM pico | 79 |
| eAPM promedio | 15.1 |
| Aldeanos / militares | 60 / 6 |
Foco
⚔️ 10.2% · 🌾 89.8%
Throwing Axeman ×6
Feudal
17:08
Castillos
—
Imperial
—
| APM promedio | 40.0 |
| APM pico | 82 |
| eAPM promedio | 13.7 |
| Aldeanos / militares | 53 / 22 |
Foco
⚔️ 15.9% · 🌾 84.1%
Archer ×13 · Skirmisher ×9
Feudal
11:52
Castillos
16:39
Imperial
—
| APM promedio | 24.0 |
| APM pico | 56 |
| eAPM promedio | 10.1 |
| Aldeanos / militares | 60 / 14 |
Foco
⚔️ 13.5% · 🌾 86.5%
War Wagon ×8 · Battering Ram ×3 · Scout Cavalry ×3
Mapa de la partida
Recursos iniciales + cada clic de construcción. Líneas = muros · curvas = relieve. ◆ oro · ⬟ piedra · ● bayas · ✦ reliquia · ◌ hueco del cierre
Tu base· Abierta — hueco de 4t
Base de Waydess· Abierta — flanco sin cerrar
Base de Bonhomme Carnaval· Abierta — flanco sin cerrar
Base de Surtido Bagley· Abierta — flanco sin cerrar
Base de Princeroux· Abierta — hueco de 3t
Base de [Yodas]Oveja con balista de Elit· Abierta — flanco sin cerrar
Terreno inicial suavizado · ◌ = hueco del cierre detectado · pasá el cursor para detalles
Inputs por minuto
— Facola - - Waydess
Build order — Facola
Primeras 150 de 171 acciones detectadas
| 0:02 | Construir | House |
| 0:03 | Construir | House |
| 0:04 | Crear | Villager (Male) |
| 0:04 | Crear | Villager (Male) |
| 0:04 | Crear | Villager (Male) |
| 0:20 | Crear | Villager (Male) |
| 1:31 | Crear | Villager (Male) |
| 1:47 | Construir | Lumber Camp |
| 2:04 | Crear | Villager (Male) |
| 2:25 | Crear | Villager (Male) |
| 3:01 | Crear | Villager (Male) |
| 3:34 | Crear | Villager (Male) |
| 3:49 | Crear | Villager (Male) |
| 4:12 | Construir | House |
| 4:46 | Crear | Villager (Male) |
| 4:47 | Crear | Villager (Male) |
| 4:49 | Construir | Mill |
| 4:51 | Construir | House |
| 5:24 | Crear | Villager (Male) |
| 5:40 | Crear | Villager (Male) |
| 6:24 | Crear | Villager (Male) |
| 6:31 | Construir | Barracks |
| 6:58 | Crear | Villager (Male) |
| 7:22 | Crear | Villager (Male) |
| 7:23 | Investigar | Loom |
| 7:31 | Construir | Mill |
| 9:01 | Investigar | Feudal Age |
| 9:30 | Construir | Farm |
| 9:30 | Construir | Farm |
| 9:34 | Crear | Militia |
| 9:58 | Crear | Militia |
| 10:38 | Construir | Mining Camp |
| 10:50 | Crear | Villager (Male) |
| 10:57 | Construir | House |
| 11:03 | Construir | House |
| 11:11 | Edad | Edad Feudal |
| 11:26 | Construir | Archery Range |
| 11:29 | Crear | Villager (Male) |
| 11:35 | Crear | Villager (Male) |
| 12:12 | Crear | Villager (Male) |
| 12:25 | Crear | Villager (Male) |
| 12:31 | Crear | Villager (Male) |
| 12:42 | Crear | Villager (Male) |
| 12:57 | Crear | Villager (Male) |
| 13:21 | Crear | Archer |
| 13:21 | Crear | Archer |
| 13:23 | Crear | Villager (Male) |
| 13:25 | Crear | Militia |
| 13:32 | Construir | Farm |
| 13:32 | Construir | Farm |
| 13:38 | Construir | Farm |
| 13:40 | Crear | Villager (Male) |
| 13:45 | Crear | Archer |
| 14:01 | Crear | Archer |
| 14:08 | Construir | Farm |
| 14:10 | Crear | Villager (Male) |
| 14:28 | Crear | Villager (Male) |
| 15:01 | Crear | Militia |
| 15:01 | Crear | Militia |
| 15:09 | Construir | Mining Camp |
| 15:14 | Construir | House |
| 15:16 | Construir | House |
| 15:17 | Crear | Villager (Male) |
| 15:23 | Crear | Archer |
| 15:30 | Construir | House |
| 15:59 | Construir | Blacksmith |
| 16:17 | Crear | Militia |
| 16:18 | Crear | Militia |
| 16:20 | Crear | Archer |
| 16:32 | Construir | House |
| 16:34 | Construir | House |
| 16:39 | Crear | Militia |
| 16:41 | Crear | Archer |
| 16:41 | Crear | Archer |
| 16:42 | Crear | Villager (Male) |
| 16:51 | Crear | Villager (Male) |
| 17:19 | Crear | Villager (Male) |
| 17:20 | Crear | Villager (Male) |
| 17:31 | Crear | Militia |
| 17:31 | Crear | Militia |
| 17:36 | Crear | Archer |
| 17:37 | Crear | Archer |
| 17:40 | Construir | Archery Range |
| 17:41 | Crear | Villager (Male) |
| 18:17 | Crear | Villager (Male) |
| 18:27 | Construir | Farm |
| 18:30 | Construir | Farm |
| 19:00 | Crear | Villager (Male) |
| 19:28 | Construir | Market |
| 19:31 | Construir | Farm |
| 19:34 | Construir | Farm |
| 19:36 | Crear | Villager (Male) |
| 20:05 | Construir | Archery Range |
| 20:07 | Crear | Skirmisher |
| 20:07 | Crear | Skirmisher |
| 20:07 | Crear | Skirmisher |
| 21:21 | Crear | Skirmisher |
| 21:22 | Crear | Skirmisher |
| 21:22 | Crear | Skirmisher |
| 21:24 | Investigar | Padded Archer Armor |
| 21:27 | Investigar | Fletching |
| 21:27 | Investigar | Padded Archer Armor |
| 21:30 | Construir | Farm |
| 21:40 | Construir | Farm |
| 21:43 | Construir | Farm |
| 21:43 | Construir | Farm |
| 21:46 | Construir | Farm |
| 22:06 | Construir | Farm |
| 22:08 | Construir | Farm |
| 22:09 | Construir | Farm |
| 22:46 | Construir | Palisade Wall |
| 22:51 | Construir | House |
| 22:54 | Construir | House |
| 22:54 | Crear | Villager (Male) |
| 23:14 | Construir | House |
| 23:37 | Crear | Villager (Male) |
| 23:56 | Investigar | Castle Age |
| 24:00 | Crear | Skirmisher ×4 |
| 24:01 | Crear | Skirmisher ×4 |
| 24:27 | Crear | Villager (Male) |
| 24:40 | Crear | Villager (Male) |
| 24:46 | Crear | Skirmisher |
| 24:46 | Crear | Skirmisher |
| 24:50 | Construir | Farm |
| 24:50 | Construir | Farm |
| 24:50 | Construir | Farm |
| 24:50 | Construir | Farm |
| 24:51 | Construir | Farm |
| 24:55 | Construir | Farm |
| 25:28 | Crear | Skirmisher ×5 |
| 25:59 | Investigar | Double-Bit Axe |
| 26:42 | Edad | Edad de los Castillos |
| 26:47 | Investigar | Elite Skirmisher (upgrade) |
| 26:50 | Investigar | Bodkin Arrow |
| 26:53 | Crear | Skirmisher ×5 |
| 26:54 | Crear | Skirmisher ×5 |
| 27:17 | Crear | Villager (Male) |
| 27:17 | Crear | Villager (Male) |
| 27:18 | Crear | Villager (Male) |
| 27:25 | Construir | House |
| 27:26 | Construir | House |
| 27:26 | Construir | House |
| 27:26 | Construir | House |
| 27:26 | Construir | House |
| 27:28 | Crear | Villager (Male) |
| 27:38 | Crear | Villager (Male) |
| 27:40 | Crear | Villager (Male) |
| 27:51 | Crear | Skirmisher ×2 |
| 27:51 | Crear | Skirmisher ×2 |
| 28:02 | Crear | Villager (Male) |
Build order — Waydess
107 acciones detectadas en el replay
| 0:02 | Construir | House |
| 0:03 | Construir | House |
| 0:03 | Crear | Villager (Male) |
| 0:16 | Crear | Villager (Male) |
| 0:16 | Crear | Villager (Male) |
| 0:31 | Crear | Villager (Male) |
| 0:57 | Construir | Lumber Camp |
| 1:32 | Crear | Villager (Male) |
| 2:26 | Crear | Villager (Male) |
| 2:35 | Crear | Villager (Male) |
| 3:17 | Crear | Villager (Male) |
| 3:28 | Construir | House |
| 3:29 | Construir | Mill |
| 3:55 | Crear | Villager (Male) |
| 4:17 | Crear | Villager (Male) |
| 4:18 | Crear | Villager (Male) |
| 4:50 | Crear | Villager (Male) |
| 5:12 | Crear | Villager (Male) |
| 5:33 | Construir | Barracks |
| 6:05 | Crear | Villager (Male) |
| 6:13 | Crear | Villager (Male) |
| 6:30 | Crear | Villager (Male) |
| 6:35 | Crear | Villager (Male) |
| 6:53 | Crear | Villager (Male) |
| 7:14 | Crear | Villager (Male) |
| 7:21 | Construir | House |
| 7:24 | Investigar | Loom |
| 7:36 | Investigar | Feudal Age |
| 7:47 | Crear | Militia |
| 8:26 | Crear | Militia |
| 8:37 | Construir | Mill |
| 8:56 | Construir | Mining Camp |
| 8:59 | Construir | Farm |
| 8:59 | Construir | Farm |
| 9:52 | Crear | Militia |
| 9:53 | Crear | Militia |
| 9:59 | Edad | Edad Feudal |
| 10:19 | Investigar | Man-at-Arms (upgrade) |
| 10:23 | Crear | Villager (Male) |
| 10:29 | Crear | Villager (Male) |
| 10:32 | Construir | House |
| 11:26 | Crear | Militia |
| 11:26 | Crear | Militia |
| 11:31 | Crear | Villager (Male) |
| 11:50 | Crear | Villager (Male) |
| 12:06 | Crear | Militia |
| 12:14 | Construir | Blacksmith |
| 12:24 | Construir | House |
| 12:57 | Investigar | Forging |
| 13:08 | Crear | Militia |
| 13:22 | Crear | Villager (Male) |
| 13:23 | Crear | Villager (Male) |
| 13:42 | Crear | Militia |
| 14:17 | Construir | Watch Tower |
| 14:27 | Crear | Militia |
| 14:27 | Crear | Militia |
| 14:45 | Construir | Mining Camp |
| 14:59 | Construir | Mining Camp |
| 15:20 | Crear | Militia |
| 15:54 | Construir | Archery Range |
| 16:14 | Crear | Militia |
| 16:51 | Construir | Palisade Wall |
| 17:13 | Construir | Palisade Wall |
| 17:32 | Construir | Watch Tower |
| 17:36 | Construir | Palisade Wall |
| 17:42 | Construir | Palisade Wall |
| 17:51 | Crear | Skirmisher |
| 17:51 | Crear | Skirmisher |
| 17:52 | Crear | Skirmisher |
| 18:13 | Construir | Market |
| 18:15 | Construir | Palisade Wall |
| 20:15 | Construir | House |
| 20:24 | Construir | House |
| 20:26 | Construir | Palisade Wall |
| 20:40 | Construir | Farm |
| 20:41 | Construir | Farm |
| 21:38 | Construir | Palisade Wall |
| 21:50 | Crear | Villager (Male) |
| 21:51 | Crear | Villager (Male) |
| 22:14 | Crear | Militia |
| 22:14 | Crear | Militia |
| 22:28 | Construir | Farm |
| 22:48 | Crear | Militia |
| 23:10 | Construir | Farm |
| 23:13 | Construir | Farm |
| 23:43 | Crear | Militia |
| 24:43 | Construir | House |
| 24:46 | Construir | Palisade Wall |
| 25:15 | Crear | Villager (Male) |
| 25:18 | Construir | Farm |
| 25:20 | Construir | Farm |
| 25:21 | Crear | Villager (Male) |
| 25:30 | Crear | Skirmisher |
| 25:30 | Crear | Skirmisher |
| 25:56 | Construir | Farm |
| 25:59 | Crear | Skirmisher |
| 25:59 | Crear | Skirmisher |
| 26:14 | Construir | Watch Tower |
| 27:30 | Crear | Militia |
| 27:53 | Crear | Villager (Male) |
| 28:28 | Crear | Villager (Male) |
| 28:28 | Crear | Villager (Male) |
| 28:42 | Construir | Palisade Wall |
| 29:07 | Construir | House |
| 29:09 | Construir | Palisade Wall |
| 29:42 | Investigar | Castle Age |
| 29:43 | Investigar | Castle Age |
Build order — Bonhomme Carnaval
128 acciones detectadas en el replay
| 0:00 | Crear | Villager (Male) |
| 0:01 | Crear | Villager (Male) |
| 0:01 | Crear | Villager (Male) |
| 0:03 | Construir | House |
| 0:06 | Construir | House |
| 0:09 | Crear | Villager (Male) |
| 1:36 | Crear | Villager (Male) |
| 1:47 | Construir | Lumber Camp |
| 1:59 | Crear | Villager (Male) |
| 2:23 | Crear | Villager (Male) |
| 3:02 | Crear | Villager (Male) |
| 3:32 | Crear | Villager (Male) |
| 3:57 | Crear | Villager (Male) |
| 4:04 | Construir | House |
| 4:23 | Crear | Villager (Male) |
| 4:45 | Crear | Villager (Male) |
| 4:49 | Construir | Mill |
| 5:01 | Crear | Villager (Male) |
| 5:29 | Crear | Villager (Male) |
| 5:48 | Crear | Villager (Male) |
| 5:58 | Crear | Villager (Male) |
| 6:05 | Crear | Villager (Male) |
| 6:27 | Crear | Villager (Male) |
| 6:30 | Construir | House |
| 7:01 | Crear | Villager (Male) |
| 7:11 | Construir | Barracks |
| 7:55 | Crear | Militia |
| 7:55 | Crear | Militia |
| 8:14 | Investigar | Loom |
| 8:35 | Crear | Militia |
| 9:12 | Construir | Farm |
| 9:24 | Construir | Farm |
| 9:43 | Construir | Farm |
| 9:52 | Construir | Farm |
| 9:56 | Construir | Mining Camp |
| 10:08 | Construir | Farm |
| 10:23 | Construir | Farm |
| 10:25 | Construir | Farm |
| 10:28 | Construir | Farm |
| 10:35 | Construir | Mining Camp |
| 10:45 | Crear | Villager (Male) |
| 10:50 | Construir | House |
| 11:28 | Construir | Farm |
| 11:34 | Construir | Farm |
| 11:36 | Construir | Farm |
| 11:58 | Crear | Villager (Male) |
| 12:54 | Investigar | Feudal Age |
| 13:15 | Crear | Villager (Male) |
| 14:16 | Construir | House |
| 14:57 | Construir | Barracks |
| 15:04 | Edad | Edad Feudal |
| 15:28 | Crear | Villager (Male) |
| 15:36 | Crear | Militia |
| 15:38 | Investigar | Man-at-Arms (upgrade) |
| 15:39 | Crear | Militia |
| 15:39 | Crear | Militia |
| 15:47 | Construir | Farm |
| 16:04 | Crear | Villager (Male) |
| 16:15 | Construir | House |
| 16:19 | Crear | Villager (Male) |
| 16:55 | Construir | Watch Tower |
| 17:29 | Crear | Villager (Male) |
| 17:35 | Crear | Villager (Male) |
| 17:42 | Crear | Militia |
| 17:42 | Crear | Militia |
| 17:57 | Crear | Villager (Male) |
| 17:58 | Crear | Militia |
| 17:58 | Crear | Militia |
| 18:13 | Crear | Villager (Male) |
| 18:25 | Construir | Lumber Camp |
| 18:56 | Construir | Mining Camp |
| 19:21 | Crear | Villager (Male) |
| 19:21 | Crear | Villager (Male) |
| 19:40 | Crear | Villager (Male) |
| 19:43 | Crear | Militia |
| 19:43 | Crear | Militia |
| 19:54 | Construir | Farm |
| 20:30 | Crear | Villager (Male) |
| 20:35 | Construir | House |
| 20:44 | Crear | Villager (Male) |
| 20:47 | Crear | Militia |
| 21:10 | Crear | Villager (Male) |
| 21:17 | Construir | Farm |
| 21:27 | Construir | Farm |
| 21:29 | Construir | Farm |
| 21:29 | Construir | Farm |
| 22:02 | Construir | House |
| 22:02 | Construir | House |
| 22:04 | Construir | House |
| 22:15 | Crear | Villager (Male) |
| 22:27 | Crear | Militia |
| 22:32 | Construir | House |
| 22:43 | Crear | Militia |
| 22:52 | Crear | Militia |
| 23:06 | Construir | Blacksmith |
| 23:32 | Crear | Villager (Male) |
| 23:32 | Crear | Villager (Male) |
| 23:38 | Crear | Villager (Male) |
| 23:56 | Construir | Market |
| 24:53 | Crear | Militia |
| 24:53 | Crear | Militia |
| 25:02 | Construir | House |
| 25:10 | Investigar | Forging |
| 25:26 | Construir | Farm |
| 25:56 | Crear | Villager (Male) |
| 25:56 | Crear | Villager (Male) |
| 26:10 | Crear | Villager (Male) |
| 26:19 | Construir | Farm |
| 26:25 | Construir | Farm |
| 26:46 | Construir | House |
| 26:48 | Crear | Villager (Male) |
| 27:10 | Crear | Villager (Male) |
| 27:14 | Construir | Farm |
| 27:14 | Construir | Farm |
| 27:36 | Construir | House |
| 27:56 | Construir | Farm |
| 28:06 | Construir | House |
| 28:46 | Crear | Villager (Male) |
| 28:48 | Crear | Villager (Male) |
| 29:31 | Investigar | Castle Age |
| 29:46 | Crear | Villager (Male) |
| 30:10 | Construir | Watch Tower |
| 30:25 | Crear | Villager (Male) |
| 30:38 | Crear | Villager (Male) |
| 30:56 | Construir | House |
| 30:57 | Construir | House |
| 30:58 | Construir | House |
| 31:03 | Crear | Villager (Male) |
Build order — Surtido Bagley
111 acciones detectadas en el replay
| 0:01 | Crear | Villager (Male) |
| 0:01 | Crear | Villager (Male) |
| 0:02 | Crear | Villager (Male) |
| 0:02 | Crear | Villager (Male) |
| 0:02 | Crear | Villager (Male) |
| 0:04 | Construir | House |
| 0:09 | Construir | House |
| 0:26 | Investigar | Loom |
| 0:26 | Investigar | Loom |
| 0:26 | Crear | Villager (Male) |
| 0:27 | Crear | Villager (Male) |
| 0:27 | Crear | Villager (Male) |
| 2:01 | Crear | Villager (Male) |
| 2:01 | Crear | Villager (Male) |
| 2:21 | Crear | Villager (Male) |
| 2:22 | Crear | Villager (Male) |
| 2:50 | Crear | Villager (Male) |
| 2:50 | Crear | Villager (Male) |
| 2:50 | Crear | Villager (Male) |
| 3:23 | Crear | Villager (Male) |
| 3:23 | Crear | Villager (Male) |
| 3:29 | Construir | Mill |
| 3:33 | Crear | Villager (Male) |
| 3:33 | Crear | Villager (Male) |
| 4:40 | Crear | Villager (Male) |
| 4:40 | Crear | Villager (Male) |
| 4:55 | Crear | Villager (Male) |
| 4:55 | Crear | Villager (Male) |
| 5:32 | Crear | Villager (Male) |
| 5:33 | Crear | Villager (Male) |
| 5:33 | Crear | Villager (Male) |
| 8:11 | Crear | Villager (Male) |
| 8:11 | Crear | Villager (Male) |
| 9:15 | Crear | Villager (Male) |
| 9:16 | Crear | Villager (Male) |
| 9:20 | Construir | Lumber Camp |
| 9:48 | Crear | Villager (Male) |
| 11:34 | Crear | Villager (Male) |
| 11:35 | Crear | Villager (Male) |
| 11:35 | Crear | Villager (Male) |
| 11:55 | Crear | Villager (Male) |
| 11:55 | Crear | Villager (Male) |
| 11:55 | Crear | Villager (Male) |
| 13:16 | Crear | Villager (Male) |
| 13:17 | Crear | Villager (Male) |
| 13:35 | Crear | Villager (Male) |
| 13:35 | Crear | Villager (Male) |
| 14:05 | Crear | Villager (Male) |
| 14:05 | Crear | Villager (Male) |
| 14:19 | Crear | Villager (Male) |
| 14:19 | Crear | Villager (Male) |
| 14:36 | Construir | House |
| 15:18 | Crear | Villager (Male) |
| 16:04 | Crear | Villager (Male) |
| 16:05 | Crear | Villager (Male) |
| 16:05 | Crear | Villager (Male) |
| 16:24 | Crear | Villager (Male) |
| 16:24 | Crear | Villager (Male) |
| 16:49 | Construir | Farm |
| 16:51 | Construir | Farm |
| 16:54 | Construir | Farm |
| 16:58 | Construir | Farm |
| 17:03 | Construir | Farm |
| 17:08 | Construir | Farm |
| 17:12 | Construir | Farm |
| 17:21 | Crear | Villager (Male) |
| 17:26 | Construir | Farm |
| 17:29 | Construir | Farm |
| 17:34 | Construir | Farm |
| 17:36 | Construir | Farm |
| 17:40 | Construir | Farm |
| 17:53 | Construir | Farm |
| 17:56 | Crear | Villager (Male) |
| 18:18 | Crear | Villager (Male) |
| 18:44 | Construir | House |
| 19:39 | Construir | Palisade Wall |
| 19:52 | Construir | Mining Camp |
| 20:05 | Construir | Palisade Wall |
| 20:14 | Investigar | Feudal Age |
| 20:14 | Investigar | Feudal Age |
| 20:36 | Construir | Outpost |
| 20:54 | Crear | Villager (Male) |
| 21:19 | Construir | House |
| 22:24 | Edad | Edad Feudal |
| 22:54 | Construir | Market |
| 22:59 | Crear | Villager (Male) |
| 23:28 | Crear | Villager (Male) |
| 23:39 | Investigar | Town Watch |
| 24:05 | Construir | Blacksmith |
| 25:02 | Investigar | Castle Age |
| 25:02 | Investigar | Castle Age |
| 26:28 | Investigar | Fletching |
| 26:41 | Construir | Farm |
| 27:00 | Construir | Outpost |
| 27:27 | Construir | Farm |
| 27:42 | Edad | Edad de los Castillos |
| 27:58 | Construir | Castle |
| 28:23 | Investigar | Wheelbarrow |
| 28:33 | Crear | Villager (Male) |
| 28:34 | Crear | Villager (Male) |
| 28:34 | Crear | Villager (Male) |
| 28:42 | Construir | Farm |
| 28:52 | Construir | Castle |
| 29:53 | Crear | Throwing Axeman |
| 29:53 | Crear | Throwing Axeman |
| 29:53 | Crear | Throwing Axeman |
| 29:54 | Crear | Throwing Axeman |
| 30:09 | Construir | Mining Camp |
| 30:17 | Construir | Farm |
| 30:58 | Crear | Throwing Axeman |
| 30:58 | Crear | Throwing Axeman |
Build order — Princeroux
129 acciones detectadas en el replay
| 0:00 | Crear | Villager (Male) |
| 0:01 | Crear | Villager (Male) |
| 0:01 | Crear | Villager (Male) |
| 0:03 | Construir | House |
| 0:05 | Construir | House |
| 0:16 | Crear | Villager (Male) |
| 1:30 | Crear | Villager (Male) |
| 1:30 | Crear | Villager (Male) |
| 2:39 | Crear | Villager (Male) |
| 2:41 | Crear | Villager (Male) |
| 2:41 | Crear | Villager (Male) |
| 2:57 | Crear | Villager (Male) |
| 3:17 | Crear | Villager (Male) |
| 4:42 | Crear | Villager (Male) |
| 4:52 | Investigar | Loom |
| 5:10 | Crear | Villager (Male) |
| 5:11 | Crear | Villager (Male) |
| 5:26 | Construir | House |
| 5:46 | Construir | House |
| 5:48 | Construir | House |
| 6:57 | Crear | Villager (Male) |
| 6:57 | Crear | Villager (Male) |
| 6:58 | Crear | Villager (Male) |
| 7:15 | Crear | Villager (Male) |
| 7:15 | Crear | Villager (Male) |
| 7:19 | Crear | Villager (Male) |
| 8:02 | Crear | Villager (Male) |
| 8:03 | Crear | Villager (Male) |
| 8:52 | Crear | Villager (Male) |
| 9:32 | Crear | Villager (Male) |
| 9:53 | Construir | Mill |
| 10:42 | Crear | Villager (Male) |
| 10:42 | Crear | Villager (Male) |
| 10:46 | Construir | House |
| 12:08 | Crear | Villager (Male) |
| 12:08 | Crear | Villager (Male) |
| 12:15 | Construir | Lumber Camp |
| 13:24 | Construir | Farm |
| 13:53 | Crear | Villager (Male) |
| 14:00 | Construir | House |
| 14:26 | Construir | House |
| 14:58 | Investigar | Feudal Age |
| 15:23 | Crear | Villager (Male) |
| 15:36 | Construir | Barracks |
| 16:09 | Construir | Mining Camp |
| 16:24 | Construir | Farm |
| 16:30 | Construir | Farm |
| 16:48 | Construir | Farm |
| 17:08 | Edad | Edad Feudal |
| 17:11 | Construir | Archery Range |
| 17:25 | Construir | Blacksmith |
| 17:26 | Crear | Villager (Male) |
| 17:26 | Crear | Villager (Male) |
| 17:40 | Investigar | Double-Bit Axe |
| 17:44 | Construir | House |
| 17:48 | Construir | Farm |
| 17:53 | Investigar | Horse Collar |
| 18:01 | Crear | Archer |
| 18:01 | Crear | Archer |
| 18:13 | Crear | Villager (Male) |
| 18:16 | Crear | Archer |
| 18:46 | Crear | Archer |
| 19:03 | Crear | Archer |
| 19:18 | Investigar | Fletching |
| 19:20 | Crear | Archer |
| 19:20 | Crear | Archer |
| 19:22 | Crear | Villager (Male) |
| 19:31 | Construir | House |
| 19:33 | Construir | House |
| 19:34 | Construir | House |
| 20:03 | Construir | Archery Range |
| 20:09 | Crear | Villager (Male) |
| 20:09 | Crear | Villager (Male) |
| 20:41 | Crear | Villager (Male) |
| 20:44 | Construir | Farm |
| 20:46 | Construir | Farm |
| 20:49 | Construir | Farm |
| 20:53 | Construir | Farm |
| 21:05 | Crear | Skirmisher |
| 21:05 | Crear | Skirmisher |
| 21:17 | Construir | House |
| 21:19 | Construir | House |
| 22:02 | Construir | Mining Camp |
| 22:08 | Crear | Skirmisher |
| 22:08 | Crear | Skirmisher |
| 22:09 | Crear | Villager (Male) |
| 22:27 | Investigar | Padded Archer Armor |
| 22:49 | Construir | Farm |
| 22:50 | Construir | Farm |
| 22:51 | Construir | Farm |
| 23:07 | Crear | Skirmisher |
| 23:08 | Crear | Skirmisher |
| 24:02 | Crear | Villager (Male) |
| 24:02 | Crear | Villager (Male) |
| 24:09 | Crear | Villager (Male) |
| 24:12 | Crear | Skirmisher |
| 24:12 | Crear | Skirmisher |
| 24:12 | Crear | Skirmisher |
| 24:57 | Crear | Villager (Male) |
| 25:12 | Construir | Market |
| 25:43 | Crear | Villager (Male) |
| 25:43 | Crear | Villager (Male) |
| 25:44 | Crear | Villager (Male) |
| 25:46 | Construir | Farm |
| 25:49 | Construir | Farm |
| 26:44 | Crear | Villager (Male) |
| 26:45 | Crear | Villager (Male) |
| 26:53 | Construir | Farm |
| 26:53 | Construir | Farm |
| 26:54 | Construir | Farm |
| 27:24 | Construir | House |
| 27:26 | Construir | House |
| 27:48 | Construir | Mining Camp |
| 28:32 | Investigar | Castle Age |
| 28:42 | Crear | Archer |
| 28:42 | Crear | Archer |
| 29:01 | Investigar | Gold Mining |
| 29:48 | Crear | Villager (Male) |
| 29:48 | Crear | Villager (Male) |
| 29:57 | Crear | Archer |
| 29:58 | Crear | Archer |
| 30:00 | Crear | Villager (Male) |
| 30:01 | Crear | Villager (Male) |
| 30:14 | Construir | House |
| 30:16 | Construir | House |
| 30:20 | Crear | Villager (Male) |
| 30:21 | Crear | Villager (Male) |
| 31:09 | Crear | Archer |
| 31:09 | Crear | Archer |
Build order — [Yodas]Oveja con balista de Elit
133 acciones detectadas en el replay
| 0:02 | Crear | Villager (Male) |
| 0:02 | Crear | Villager (Male) |
| 0:02 | Crear | Villager (Male) |
| 0:04 | Construir | House |
| 0:05 | Construir | House |
| 0:16 | Crear | Villager (Male) |
| 1:30 | Crear | Villager (Male) |
| 1:47 | Construir | Lumber Camp |
| 2:05 | Crear | Villager (Male) |
| 2:18 | Crear | Villager (Male) |
| 2:42 | Construir | House |
| 2:42 | Construir | House |
| 2:56 | Crear | Villager (Male) |
| 3:10 | Crear | Villager (Male) |
| 3:39 | Construir | House |
| 3:41 | Crear | Villager (Male) |
| 4:00 | Crear | Villager (Male) |
| 4:30 | Crear | Villager (Male) |
| 5:02 | Crear | Villager (Male) |
| 5:29 | Crear | Villager (Male) |
| 5:53 | Crear | Villager (Male) |
| 6:01 | Construir | Mill |
| 6:28 | Crear | Villager (Male) |
| 6:44 | Crear | Villager (Male) |
| 7:11 | Crear | Villager (Male) |
| 7:32 | Crear | Villager (Male) |
| 7:35 | Construir | Farm |
| 7:39 | Crear | Villager (Male) |
| 7:41 | Construir | Farm |
| 7:45 | Crear | Villager (Male) |
| 7:47 | Construir | Farm |
| 7:52 | Construir | Farm |
| 8:01 | Crear | Villager (Male) |
| 8:12 | Construir | Farm |
| 8:42 | Construir | Farm |
| 8:52 | Construir | Farm |
| 8:54 | Construir | Farm |
| 9:01 | Investigar | Loom |
| 9:42 | Investigar | Feudal Age |
| 11:52 | Edad | Edad Feudal |
| 11:56 | Construir | Mining Camp |
| 11:58 | Crear | Villager (Male) |
| 12:02 | Investigar | Double-Bit Axe |
| 12:15 | Crear | Villager (Male) |
| 12:27 | Crear | Villager (Male) |
| 12:40 | Construir | Market |
| 12:51 | Construir | Blacksmith |
| 12:52 | Crear | Villager (Male) |
| 13:26 | Construir | Mining Camp |
| 13:59 | Investigar | Castle Age |
| 14:27 | Construir | House |
| 14:28 | Construir | House |
| 16:39 | Edad | Edad de los Castillos |
| 16:44 | Construir | Castle |
| 16:45 | Crear | Villager (Male) |
| 17:04 | Construir | Town Center |
| 17:09 | Crear | Villager (Male) |
| 17:15 | Investigar | Gold Mining |
| 17:30 | Crear | Villager (Male) |
| 17:48 | Crear | Villager (Male) |
| 18:33 | Crear | Villager (Male) |
| 18:48 | Crear | War Wagon |
| 19:06 | Crear | War Wagon |
| 19:20 | Crear | Villager (Male) |
| 19:23 | Crear | Villager (Male) |
| 19:41 | Crear | War Wagon |
| 19:41 | Crear | War Wagon |
| 20:10 | Crear | Villager (Male) |
| 20:11 | Construir | Farm |
| 20:13 | Construir | Farm |
| 20:18 | Crear | Villager (Male) |
| 20:19 | Crear | Villager (Male) |
| 20:21 | Crear | Villager (Male) |
| 20:36 | Investigar | Bow Saw |
| 21:24 | Crear | Villager (Male) |
| 21:25 | Crear | Villager (Male) |
| 21:28 | Crear | Villager (Male) |
| 21:34 | Crear | War Wagon |
| 21:34 | Crear | War Wagon |
| 21:55 | Crear | Villager (Male) |
| 22:00 | Construir | Farm |
| 22:06 | Crear | Villager (Male) |
| 22:22 | Construir | Barracks |
| 22:26 | Crear | War Wagon |
| 22:26 | Crear | War Wagon |
| 22:49 | Crear | Villager (Male) |
| 22:50 | Construir | Farm |
| 22:53 | Construir | Farm |
| 22:54 | Crear | Villager (Male) |
| 24:00 | Crear | Villager (Male) |
| 24:01 | Crear | Villager (Male) |
| 24:03 | Construir | Farm |
| 24:05 | Crear | Villager (Male) |
| 24:08 | Crear | Villager (Male) |
| 25:08 | Crear | Villager (Male) |
| 25:10 | Construir | Farm |
| 25:12 | Construir | Farm |
| 25:14 | Construir | Farm |
| 25:16 | Construir | Farm |
| 25:19 | Crear | Villager (Male) |
| 25:21 | Crear | Villager (Male) |
| 25:22 | Crear | Villager (Male) |
| 25:27 | Construir | House |
| 25:27 | Construir | House |
| 25:29 | Construir | House |
| 25:54 | Crear | Villager (Male) |
| 25:56 | Crear | Villager (Male) |
| 25:57 | Construir | Farm |
| 26:23 | Construir | Siege Workshop |
| 26:26 | Crear | Villager (Male) |
| 26:55 | Construir | Town Center |
| 26:56 | Crear | Villager (Male) |
| 27:03 | Investigar | Forging |
| 27:07 | Construir | Stable |
| 27:09 | Crear | Battering Ram |
| 27:11 | Crear | Battering Ram |
| 27:33 | Investigar | Scale Barding Armor |
| 27:48 | Construir | Stable |
| 27:50 | Crear | Battering Ram |
| 27:55 | Investigar | Light Cavalry (upgrade) |
| 28:04 | Crear | Villager (Male) |
| 28:05 | Crear | Villager (Male) |
| 28:09 | Crear | Villager (Male) |
| 28:09 | Crear | Villager (Male) |
| 28:16 | Investigar | Husbandry |
| 28:24 | Investigar | Iron Casting |
| 29:08 | Construir | Watch Tower |
| 29:16 | Construir | Stable |
| 29:19 | Crear | Scout Cavalry |
| 29:19 | Crear | Scout Cavalry |
| 29:55 | Construir | House |
| 29:55 | Construir | House |
| 29:59 | Crear | Scout Cavalry |
Cronología de la partida
| 5:33 | Waydess · first_building Barracks |
| 6:31 | Facola · first_building Barracks |
| 7:11 | Bonhomme Carnaval · first_building Barracks |
| 9:59 | Waydess · age_up feudal |
| 11:11 | Facola · age_up feudal |
| 11:26 | Facola · first_building Archery Range |
| 11:52 | [Yodas]Oveja con balista de Elit · age_up feudal |
| 13:50 | [Yodas]Oveja con balista de Elit · first_market_sell 100 food |
| 15:04 | Bonhomme Carnaval · age_up feudal |
| 15:36 | Princeroux · first_building Barracks |
| 15:54 | Waydess · first_building Archery Range |
| 16:02 | [Yodas]Oveja con balista de Elit · first_market_buy 100 stone |
| 16:39 | [Yodas]Oveja con balista de Elit · age_up castle |
| 16:44 | [Yodas]Oveja con balista de Elit · first_building Castle |
| 16:51 | Waydess · wall_segment Palisade Wall x1 |
| 17:08 | Princeroux · age_up feudal |
| 17:11 | Princeroux · first_building Archery Range |
| 17:13 | Waydess · wall_segment Palisade Wall x1 |
| 17:36 | Waydess · wall_segment Palisade Wall x1 |
| 17:42 | Waydess · wall_segment Palisade Wall x1 |
| 18:15 | Waydess · wall_segment Palisade Wall x1 |
| 19:39 | Surtido Bagley · wall_segment Palisade Wall x8 |
| 20:05 | Surtido Bagley · wall_segment Palisade Wall x3 |
| 20:26 | Waydess · wall_segment Palisade Wall x1 |
| 20:47 | Waydess · first_market_buy 100 food |
| 21:34 | Facola · first_market_sell 100 wood |
| 21:36 | Facola · first_market_buy 100 food |
| 21:38 | Waydess · wall_segment Palisade Wall x2 |
| 22:22 | [Yodas]Oveja con balista de Elit · first_building Barracks |
| 22:24 | Surtido Bagley · age_up feudal |
| 22:46 | Facola · wall_segment Palisade Wall x6 |
| 24:46 | Waydess · wall_segment Palisade Wall x1 |
| 24:59 | Surtido Bagley · first_market_sell 100 food |
| 26:23 | [Yodas]Oveja con balista de Elit · first_building Siege Workshop |
| 26:42 | Facola · age_up castle |
| 27:01 | Waydess · first_market_sell 100 stone |
| 27:07 | [Yodas]Oveja con balista de Elit · first_building Stable |
| 27:31 | Princeroux · first_market_buy 100 food |
| 27:33 | Princeroux · first_market_sell 100 wood |
| 27:42 | Surtido Bagley · age_up castle |
| 27:58 | Surtido Bagley · first_building Castle |
| 28:42 | Waydess · wall_segment Palisade Wall x1 |
| 28:51 | Bonhomme Carnaval · first_market_buy 100 food |
| 29:09 | Waydess · wall_segment Palisade Wall x1 |
| 29:14 | Facola · first_building Castle |
| 30:32 | [Yodas]Oveja con balista de Elit · resign |
[ ANÁLISIS IA · 1 CRÉDITO ]
¿Qué pasó realmente en esta partida?
Wolo.gg analiza cada decisión: build order, eco, micro, errores típicos por bracket. Análisis personalizado por WhatsApp o Discord en 30 segundos.
Guía civ
Búlgaros
Perfil
Facola